 Dungeon Crawl Stone Soup version 0.26.0-7-g794d0892b4 (webtiles) character file.

Game seed: 10152603426220045294

2293 streetpizza the Slicer (level 9, -7/48 HPs)
             Began as a Spriggan Berserker on Jan 11, 2021.
             Was a Priest of Trog.
             Killed by the air
             ... invoked by Gastronok
              (33 damage)
             ... on level 9 of the Dungeon.
             The game lasted 00:20:12 (6541 turns).

streetpizza the Slicer (Spriggan Berserker)         Turns: 6541, Time: 00:20:13

Health: -7/48      AC:  2    Str: 15    XL:     9   Next: 17%
Magic:  10/10      EV: 25    Int:  9    God:    Trog [***...]
Gold:   338        SH:  0    Dex: 16    Spells: 8/8 levels left

rFire    . . .     SeeInvis +   r - +2 whip (elec)
rCold    + . .     Faith    .   (shield restricted)
rNeg     . . .     Spirit   .   b - +0 animal skin
rPois    .         Reflect  .   (helmet restricted)
rElec    .         Harm     .   (no cloak)
rCorr    .         Rampage  .   (gloves unavailable)
Will     +....                  (boots unavailable)
Stlth    +.........             (no amulet)
HPRegen  0.16/turn              j - ring of protection from cold
MPRegen  0.12/turn              (no ring)

@: slowed, quick
A: very small, unfitting armour, see invisible, speed 3
a: Renounce Religion, Berserk, Trog's Hand


You were on level 9 of the Dungeon.
You worshipped Trog.
Trog was most pleased with you.
You visited 2 branches of the dungeon, and saw 8 of its levels.

You collected 338 gold pieces.

Inventory:

Hand Weapons
 a - a +0 short sword
 r - a +2 whip of electrocution (weapon)
Armour
 b - a +0 animal skin (worn)
 t - a +0 buckler
 A - a +0 cloak
Jewellery
 j - a ring of protection from cold (left hand)
 z - a +4 ring of evasion {unknown}
Wands
 m - a wand of random effects (39)
 p - a wand of digging (4)
 q - a wand of iceblast (9)
 x - a wand of disintegration (13)
Scrolls
 d - 10 scrolls of identify
 e - 3 scrolls of teleportation
 f - a scroll of magic mapping
 k - a scroll of amnesia {unknown}
 n - a scroll of fog {unknown}
 o - a scroll of random uselessness {unknown}
 s - a scroll of noise {unknown}
 v - a scroll of enchant weapon {unknown}
 y - 2 scrolls of remove curse
Potions
 c - a potion of cancellation {unknown}
 g - 3 potions of heal wounds
 h - 4 potions of curing {unknown}
 i - 3 potions of degeneration {unknown}
 l - a potion of lignification {unknown}
 u - 3 potions of might {unknown}
 w - a potion of invisibility {unknown}


   Skills:
 + Level 5.6 Fighting
 + Level 9.8 Short Blades
 + Level 9.8 Dodging
 + Level 2.0 Evocations


You had 8 spell levels left.
You didn't know any spells.
Your spell library contained the following spells:

 Spells                   Type           Power        Failure   Level
 Sandblast                Erth           0%           38%         1
 Passwall                 Tmut/Erth      0%           52%         2
 Stone Arrow              Conj/Erth      0%           77%         3
 Petrify                  Tmut/Erth      0%           99%         4
 Lee's Rapid Deconstruct  Erth           0%           100%        5


Dungeon Overview and Level Annotations

Branches:
Dungeon (6/15)             Temple (1/1) D:5

Altars:
Ashenzari
Cheibriados
Dithmenos
Gozag
Hepliaklqana
Kikubaaqudgha
Makhleb
Nemelex Xobeh
Okawaru
Qazlal
Sif Muna
Trog
Uskayaw
Vehumet
Wu Jian
Xom
Yredelemnul
Zin
The Shining One

Shops:
D:6 (

Annotations:
D:9 Erica, Gastronok, Joseph


Innate Abilities, Weirdness & Mutations

You are very small and have problems with some larger weapons.
You are too small for most types of armour.
You have supernaturally acute eyesight. (SInv)
You cover ground extremely quickly.


Message History

You feel strangely unstable. The killer bee zombie misses you.
The killer bee misses you.
The killer bee stings you but does no damage.
The killer bee zombie completely misses you.
The howler monkey hoots and howls with incredible vigour!
You hear an angry buzzing noise. x2; You hear a bark! x2
You hear an angry buzzing noise. x5; You hear a shout! x3
The killer bee completely misses you.
Found a falchion.
The killer bee closely misses you. The killer bee completely misses you.
The bullfrog misses you.
Found 16 gold pieces.
Your surroundings suddenly seem different.
Found 33 gold pieces.
Gastronok the Ponderous comes into view.
He is wearing the +3 hat of Pondering {ponderous, Will+ MP+10 Int+5}.
Gastronok gurgles horribly!
Gastronok waves his eye-stalks in wide circles.
The air twists around and strikes you!!
Ouch! That really hurt!
You die...

...$.......
.........
........ ......
. #....# .. ...
....##..#
w...###........
#..........#
#......@#.##
#.......# #
##......#
#......#
#...$...#
#......##
##....# ##..#


You could see Gastronok.

Vanquished Creatures
  Pikel (D:4)
  Sigmund (D:4)
  Eustachio (D:5)
  A sky beast (D:5)
  2 black bears (D:6)
  3 ogres
  3 centaurs
  Blork the orc (D:5)
  2 vampire bats (D:4)
  A centaur zombie (D:5)
  4 hounds
  A quasit (D:6)
  A jelly (D:6)
  2 orc wizards
  A bullfrog skeleton (D:6)
  Ijyb (D:4)
  An iguana (D:5)
  A worker ant (D:4)
  Robin (D:2)
  9 adders
  3 gnolls (D:4)
  2 shadow imps
  2 oozes
  An adder zombie (D:6)
  An adder skeleton (D:5)
  2 worms
  3 dart slugs
  9 orcs
  A ball python (D:2)
  4 bats
  2 bat skeletons (D:4)
  4 bat zombies (D:4)
  4 giant cockroaches
  12 goblins
  9 hobgoblins
  4 jackals
  3 quokkas
  7 frilled lizards
  8 kobolds
  4 rats
123 creatures vanquished.

Notes
Turn   | Place    | Note
-------+----------+-------------------------------------------
     0 | D:1      | streetpizza the Spriggan Berserker began the quest for the
                  | Orb.
     0 | D:1      | Reached XP level 1. HP: 11/11 MP: 2/2
   416 | D:1      | Reached XP level 2. HP: 16/16 MP: 3/3
   718 | D:1      | Reached skill level 5 in Dodging
  1018 | D:1      | Reached XP level 3. HP: 14/19 MP: 4/4
  1440 | D:2      | Reached ** piety under Trog
  1967 | D:2      | Reached XP level 4. HP: 23/24 MP: 5/5
  1993 | D:2      | Found an ornate altar of the Wu Jian Council.
  2021 | D:2      | Noticed Robin
  2040 | D:2      | Killed Robin
  2973 | D:3      | Reached XP level 5. HP: 28/28 MP: 6/6
  3099 | D:3      | Found an iron altar of Okawaru.
  3476 | D:4      | Noticed an ogre
  3504 | D:4      | Killed an ogre
  3505 | D:4      | Reached skill level 5 in Short Blades
  3678 | D:4      | Noticed Ijyb
  3702 | D:4      | Killed Ijyb
  3852 | D:4      | Found a burning altar of Makhleb.
  3871 | D:4      | Noticed an ogre
  3883 | D:4      | Killed an ogre
  3884 | D:4      | Reached XP level 6. HP: 32/32 MP: 7/7
  3956 | D:4      | Noticed Pikel
  3972 | D:4      | Killed Pikel
  3973 | D:4      | Reached XP level 7. HP: 23/37 MP: 8/8
  4185 | D:4      | Noticed Sigmund
  4199 | D:4      | Killed Sigmund
  4199 | D:4      | Reached *** piety under Trog
  4200 | D:4      | Reached XP level 8. HP: 42/42 MP: 9/9
  4207 | D:4      | Found a hazy altar of Hepliaklqana.
  4211 | D:4      | Found a glowing golden altar of the Shining One.
  4535 | D:4      | Found an ancient bone altar of Kikubaaqudgha.
  4627 | D:5      | Entered Level 5 of the Dungeon
  4808 | D:5      | Noticed Blork the orc
  4816 | D:5      | Killed Blork the orc
  4835 | D:5      | Reached skill level 5 in Fighting
  4866 | D:5      | Found a staircase to the Ecumenical Temple.
  4874 | Temple   | Entered the Ecumenical Temple
  5031 | D:5      | Noticed Eustachio
  5048 | D:5      | Killed Eustachio
  5510 | D:6      | Found Heampor's Antique Weapon Emporium.
  5592 | D:6      | Reached XP level 9. HP: 24/47 MP: 10/10
  5773 | D:6      | Found a bloodstained altar of Trog.
  5787 | D:6      | Reached **** piety under Trog
  5788 | D:6      | Reached skill level 1 in Evocations
  6438 | D:6      | You fall into a shaft and drop 3 floors!
  6485 | D:9      | Noticed Joseph
  6533 | D:9      | Noticed Erica
  6541 | D:9      | Noticed Gastronok
  6541 | D:9      | Killed from afar by Gastronok

Illustrated notes

Levels and vault maps discovered:
D:1:      saegor_arrival_simple_c, layout_basic, amcnicky_mini_pool_small
D:2:      layout_loops_ring, lemuel_coloured_pillars_altar, uniq_robin
D:3:      layout_loops_corners, overflow_temple_1_default,
          minmay_misc_feat_more_columns
D:4:      layout_loops_ring, minitemple, kennysheep_vampire_church,
          lemuel_doored_altar, uniq_sigmund, uniq_pikel, uniq_ijyb
D:5:      minmay_diamond_boxcup, layout_rooms,
          minmay_temple_entry_drinking_statues, uniq_blork_the_orc,
          uniq_eustachio
D:6:      layout_layer_cave, trog_ov_bears_minmay, cheibrodos_sewer_entry_bend,
          serial_shops, shop_statue, minmay_misc_feat_pillars
D:9:      layout_cave_pools, special_room [special_room_bee], uniq_erica,
          uniq_joseph, uniq_gastronok, uniq_harold
Temple:   nicolae_temple_no_exploring_needed

Skill      XL: |  1  2  3  4  5  6  7  8  9 |
---------------+----------------------------+-----
Dodging        | 5 6 7 8 9 |  9.8
Short Blades   | 4 5 7 9 |  9.8
Fighting       | 3 4 5 |  5.6
Evocations     | 2 |  2.0

Action                   |  1- 3 |  4- 6 |  7- 9 || total
-------------------------+-------+-------+-------++-------
Melee: Short sword       |   123 |   161 |       ||   284
       Whip              |       |       |   237 ||   237
Invok: Berserk           |     4 |     5 |     6 ||    15
  Use: Scroll            |     5 |       |     2 ||     7
 Stab: Sleeping          |     1 |     4 |     5 ||    10
Armor: Animal skin       |     7 |    13 |    15 ||    35
Dodge: Dodged            |    99 |   104 |   305 ||   508
